 Dungeon Crawl Stone Soup version 0.25-a0-246-g58704a1ebd (webtiles) character file.

Game seed: 6834821718977806032, levelgen mode: deterministic

48 Jindul the Skirmisher (level 3, -2/33 HPs)
             Began as a Minotaur Abyssal Knight on Dec 3, 2019.
             Was a Believer of Lugonu.
             Slain by a hobgoblin
             ... wielding a +0 club
              (4 damage)
             ... on level 2 of the Dungeon.
             The game lasted 00:03:38 (1027 turns).

Jindul the Skirmisher (Minotaur Abyssal Knight)     Turns: 1027, Time: 00:03:39

Health: -2/33      AC:  3    Str: 17    XL:     3   Next: 50%
Magic:  3/3        EV: 11    Int:  9    God:    Lugonu [**....]
Gold:   44         SH:  0    Dex:  9    Spells: 2/2 levels left

rFire    . . .     SeeInvis .   a - +1 hand axe
rCold    . . .     Gourm    .   (no shield)
rNeg     . . .     Faith    .   b - +0 leather armour
rPois    .         Spirit   .   (helmet restricted)
rElec    .         Reflect  .   (no cloak)
rCorr    .         Harm     .   (no gloves)
MR       .....                  (no boots)
Stlth    +.........             (no amulet)
HPRegen  0.11/turn              (no ring)
MPRegen  0.08/turn              (no ring)

@: hasted, very quick
A: retaliatory headbutt, horns 2
a: Depart the Abyss, Bend Space, Renounce Religion


You were on level 2 of the Dungeon.
You worshipped Lugonu.
Lugonu was pleased with you.
You were not hungry.

You visited 1 branch of the dungeon, and saw 2 of its levels.
You visited the Abyss 1 time.

You collected 44 gold pieces.

Inventory:

Hand Weapons
 a - a +1 hand axe (weapon)
Armour
 b - a +0 leather armour (worn)
Jewellery
 m - an uncursed ring of protection from cold {unknown}
Scrolls
 e - 2 scrolls of identify {unknown}
 f - 2 scrolls of remove curse {unknown}
 h - a scroll of amnesia {unknown}
 i - 2 scrolls of enchant armour {unknown}
 l - a scroll of teleportation {unknown}
Potions
 d - a potion of heal wounds {unknown}
 g - a potion of haste
 j - a potion of cancellation {unknown}
 k - 2 potions of curing {unknown}
 n - a potion of might {unknown}
 o - a potion of flight {unknown}
Comestibles
 c - 2 rations


   Skills:
 + Level 4.0 Fighting
 * Level 3.5 Axes
 + Level 2.8 Armour
 + Level 1.5 Dodging
 + Level 0.6 Unarmed Combat
 + Level 2.0 Invocations


You had 2 spell levels left.
You didn't know any spells.
Your spell library was empty.

Dungeon Overview and Level Annotations

Branches:
Dungeon (2/15)

Altars:


Innate Abilities, Weirdness & Mutations

You reflexively headbutt those who attack you in melee.
You have a pair of horns on your head.


Message History

You slash the orc!
You kill the orc!
Lugonu accepts your kill.
You hit the hobgoblin. You closely miss the orc. The orc warrior misses you.
You furiously retaliate!
You headbutt the orc warrior, but do no damage.
The orc closely misses you.
The orc throws a boomerang.
The boomerang hits you.
The weapon returns to the orc!
The hobgoblin hits you with a +0 club.
You completely miss the orc warrior.
The orc warrior is lightly wounded.
You hit the orc but do no damage. You completely miss the hobgoblin.
You hit the orc warrior but do no damage.
The orc warrior is lightly wounded.
You hit the orc but do no damage. You closely miss the hobgoblin.
The orc hits you.
The orc throws a boomerang.
The boomerang closely misses you.
The weapon returns to the orc!
The orc warrior hits you with a +0 war axe!
* * * LOW HITPOINT WARNING * * *
The hobgoblin hits you with a +0 club.
You die...

. .? ... .... .....
.###############......
..........†..ogg......
.........###o@)or....o
########.# #.#####..##
#.# #.# .# #.# #.#
#####.# #.#
#.....###.##
#...........
#........###
####.....#


You could see an orc warrior, 2 orcs, 2 hobgoblins and a rat.

Vanquished Creatures
  A worm (D:2)
  A dart slug (D:1)
  A leopard gecko (D:1)
  2 orcs (D:2)
  2 bats (D:1)
  2 giant cockroaches (D:1)
  2 goblins (D:1)
  7 hobgoblins (D:1)
  5 jackals (D:2)
  5 kobolds
  2 ball pythons (D:1)
  3 frilled lizards
  3 rats
36 creatures vanquished.

Notes
Turn   | Place    | Note
-------+----------+-------------------------------------------
     0 | Abyss:1  | Jindul the Minotaur Abyssal Knight began the quest for the
                  | Orb.
     0 | Abyss:1  | Reached XP level 1. HP: 19/19 MP: 1/1
    30 | Abyss:1  | Noticed a small abomination
    40 | D:1      | Escaped the Abyss
   145 | D:1      | Reached XP level 2. HP: 25/27 MP: 2/2
   571 | D:1      | Reached ** piety under Lugonu
   571 | D:1      | Reached XP level 3. HP: 25/33 MP: 3/3
   817 | D:2      | Reached skill level 4 in Fighting
  1010 | D:2      | Noticed an orc warrior
  1027 | D:2      | Slain by a hobgoblin

Levels and vault maps discovered:
D:1:      saegor_arrival_simple_e, layout_loops_ring
D:2:      layout_basic, minmay_circled_x, uniq_sigmund

Skill      XL: |  1  2  3 |
---------------+----------+-----
Axes           | 3 |  3.5
Invocations    | 2 |  2.0
Fighting       | 4 |  4.0
Armour         | |  2.8
Dodging        | |  1.5
Unarmed Combat | |  0.6

Action                   || total
-------------------------++-------
Melee: Hand axe          ||    70
       Headbutt          ||    11
  Use: Potion            ||     1
Armor: Leather armour    ||    15
Dodge: Dodged            ||    46

Table legend:
 A = Non-vault XP
 B = Vault XP
 C = Vault XP percentage of total XP
 D = Non-vault monster count
 E = Vault monster count
 F = Vault count percentage of total count
                 A         B        C        D         E       F
            +---------+---------+-------+---------+---------+-------
      Total |      69 |       0 |   0.0 |      36 |       0 |   0.0
            +---------+---------+-------+---------+---------+-------
        D:1 |      43 |       0 |   0.0 |      24 |       0 |   0.0
        D:2 |      26 |       0 |   0.0 |      12 |       0 |   0.0
            +---------+---------+-------+---------+---------+-------
